 Dungeon Crawl Stone Soup version 0.28.0-53-g5a82cb258f (webtiles) character file.

Game seed: 5640996594161214978

742 cbfl8 the Chopper (level 7, -12/94 HPs)
             Began as a Minotaur Berserker on Aug 22, 2022.
             Was a Priest of Trog.
             Mangled by a two-headed ogre
             ... wielding a +0 giant spiked club
              (29 damage)
             ... on level 5 of the Dungeon.
             The game lasted 00:04:34 (4334 turns).

cbfl8 the Chopper (Minotaur Berserker)              Turns: 4334, Time: 00:04:36

Health: -12/94     AC:  8    Str: 22    XL:     7   Next: 47%
Magic:  6/6        EV: 11    Int: 10    God:    Trog [***...]
Gold:   152        SH:  5    Dex: 11    Spells: 6/6 levels left

rFire   . . .      SeeInvis .   d - +0 war axe
rCold   + . .      Faith    .   (no shield)
rNeg    . . .      Spirit   .   b - +0 scale mail
rPois   .          Reflect  +   (helmet restricted)
rElec   .          Harm     .   (no cloak)
rCorr   .          Rampage  .   (no gloves)
Will    +....                   c - +0 pair of boots
Stlth   ..........              i - amulet of reflection
HPRegen 0.25/turn               e - ring "Maiclith" {rC+ Will+ Int+6}
MPRegen 0.10/turn               (no ring)

@: berserking, very quick
A: horns 2, retaliatory headbutt
a: Renounce Religion, Berserk, Trog's Hand


You were on level 5 of the Dungeon.
You worshipped Trog.
Trog was most pleased with you.
You visited 1 branch of the dungeon, and saw 5 of its levels.

You collected 152 gold pieces.

Inventory:

Hand Weapons
 d - a +0 war axe (weapon)
Armour
 b - a +0 scale mail (worn)
 c - a +0 pair of boots (worn)
Jewellery
 e - the ring "Maiclith" (left hand) {rC+ Will+ Int+6}
   (You found it on level 2 of the Dungeon)

   [ring of intelligence]

   Int:       It affects your intelligence (+6).
   rC:        It protects you from cold.
   Will:      It increases your willpower.
 i - an amulet of reflection (around neck)
Scrolls
 a - a scroll of identify {unknown}
 f - a scroll of fog {unknown}
 k - a scroll of magic mapping {unknown}
Potions
 g - a potion of invisibility {unknown}
 h - a potion of mutation {unknown}
 j - 3 potions of curing {unknown}
 l - a potion of might
 m - a potion of attraction {unknown}


   Skills:
 * Level 6.0 Fighting
 + Level 6.8 Axes
 + Level 4.1 Armour
 * Level 4.1 Dodging
 + Level 0.8 Stealth
 + Level 0.4 Shields
 * Level 2.2 Evocations


You had 6 spell levels left.
You didn't know any spells.
Your spell library was empty.

Dungeon Overview and Level Annotations

Branches:
Dungeon (5/15)             Temple (0/1) D:4

Altars:

Shops:
D:1 =


Innate Abilities, Weirdness & Mutations

You have a pair of horns on your head.
You reflexively headbutt those who attack you in melee.


Message History

The two-headed ogre hits you with a +0 giant spiked club.
The two-headed ogre hits you with a +0 giant club.
There are monsters nearby!
You completely miss the two-headed ogre.
You closely miss the orc.
The kobold brigand shouts!
The orc barely misses you.
There are monsters nearby!
You slash the two-headed ogre!
The two-headed ogre is lightly wounded.
You barely miss the orc. The orc closely misses you.
The two-headed ogre closely misses you. You block the two-headed ogre's attack.
A red film seems to cover your vision as you go berserk!
You feel yourself moving faster!
You feel mighty! The orc hits you with a +0 mace.
The two-headed ogre hits you with a +0 giant spiked club!
The two-headed ogre barely misses you.
You slash the two-headed ogre!
The two-headed ogre is moderately wounded.
You barely miss the orc. The orc hits you but does no damage.
The two-headed ogre hits you with a +0 giant spiked club!
The two-headed ogre hits you with a +0 giant club!
You barely miss the two-headed ogre. You headbutt the two-headed ogre.
The two-headed ogre is moderately wounded.
You slash the orc!
You kill the orc!
Trog accepts your kill.
You hit the two-headed ogre.
The two-headed ogre is heavily wounded.
You hit the kobold brigand. The kobold brigand closely misses you.
You block the two-headed ogre's attack.
The two-headed ogre hits you with a +0 giant club!!
* * * LOW HITPOINT WARNING * * *
You slash the two-headed ogre!
The two-headed ogre is severely wounded.
You hit the kobold brigand.
The kobold brigand hits you with a +0 short sword.
* * * LOW HITPOINT WARNING * * *
The two-headed ogre hits you with a +0 giant spiked club!!
You die...

.. . . . # ## ## #
#.# ###. ## #.#:##..
.# #..#.KO# # .# ###
#..##@##...# .##
####.# #.......#
#.###....# #.##.####
#.......## #†##.#
#......## #....#
..##...######....##
.######...##......##
. ###............ #
####.>....###


You could see a two-headed ogre and a kobold brigand.

Vanquished Creatures
  Sigmund (D:4)
  A steam dragon (D:3)
  2 phantoms
  A water moccasin skeleton (D:4)
  2 hounds (D:4)
  A bullfrog skeleton (D:4)
  4 gnolls (D:2)
  7 adders
  3 dart slugs (D:2)
  5 orcs
  6 ball pythons
  4 bats
  7 endoplasms
  2 giant cockroaches
  11 goblins
  2 hobgoblins (D:4)
  3 jackals (D:2)
  7 kobolds
  6 quokkas
  2 frilled lizards
  23 rats
100 creatures vanquished.

Notes
Turn   | Place    | Note
-------+----------+-------------------------------------------
     0 | D:1      | cbfl8 the Minotaur Berserker began the quest for the Orb.
     0 | D:1      | Reached XP level 1. HP: 19/19 MP: 0/0
    89 | D:1      | You fall into a shaft and drop 1 floor!
   117 | D:2      | Reached XP level 2. HP: 17/27 MP: 1/1
   118 | D:2      | Reached XP level 3. HP: 18/33 MP: 2/2
   691 | D:1      | Found Ashryg's One-of-a-Kind Rings.
  1353 | D:2      | Found a faded altar of an unknown god.
  1356 | D:2      | Reached ** piety under Trog
  1586 | D:2      | Reached XP level 4. HP: 41/41 MP: 3/3
  1611 | D:2      | Identified the ring "Maiclith" {rC+ Will+ Int+6}
  2190 | D:3      | Reached skill level 1 in Evocations
  2202 | D:3      | Reached skill level 5 in Axes
  2203 | D:3      | Reached *** piety under Trog
  2206 | D:3      | Noticed a phantom
  2213 | D:3      | Killed a phantom
  2214 | D:3      | Reached skill level 5 in Fighting
  2214 | D:3      | Reached XP level 5. HP: 48/48 MP: 4/4
  2528 | D:3      | Noticed a steam dragon
  2536 | D:3      | Killed a steam dragon
  2537 | D:3      | Reached XP level 6. HP: 56/56 MP: 5/5
  2855 | D:4      | Noticed Sigmund
  2871 | D:4      | Killed Sigmund
  2995 | D:4      | Reached XP level 7. HP: 54/62 MP: 6/6
  3465 | D:4      | Found a staircase to the Ecumenical Temple.
  4261 | D:5      | Entered Level 5 of the Dungeon
  4326 | D:5      | Noticed a two-headed ogre
  4334 | D:5      | Mangled by a two-headed ogre

Illustrated notes

Levels and vault maps discovered:
D:1:      heliophobic_arrival_glass_houses, layout_basic,
          nicolae_shop_unique_rings
D:2:      layout_basic, shapermc_ecumenical_altar_venn, minivault_27,
          minmay_diced_spiral
D:3:      layout_basic, serial_curves, eino_curves_04, eino_curves_01,
          minmay_rat_hole
D:4:      layout_cave_pods, minmay_temple_entry_purple_smoke,
          kennysheep_opposing_triangles, uniq_sigmund
D:5:      layout_cave_pods, serial_column_ruins, column_ruins_grid_1,
          column_ruins_columns_corner, column_ruins_open_tiny,
          column_ruins_grid_3, column_ruins_columns_T, column_ruins_open_tiny,
          minmay_manual_mess, uniq_prince_ribbit1

Skill      XL: |  1  2  3  4  5  6  7 |
---------------+----------------------+-----
Fighting       | 4 5 6 |  6.0
Axes           | 4 5 6 |  6.8
Armour         | 3 4 |  4.1
Evocations     | 1 2 |  2.2
Dodging        | 3 4 |  4.1
Stealth        | |  0.8
Shields        | |  0.4

Action                   |  1- 3 |  4- 6 |  7- 9 || total
-------------------------+-------+-------+-------++-------
Melee: Hand axe          |    11 |       |       ||    11
       Headbutt          |     6 |    10 |     7 ||    23
       War axe           |    34 |    97 |    61 ||   192
       Punch             |       |     2 |     1 ||     3
Invok: Berserk           |     1 |     3 |     1 ||     5
 Stab: Sleeping          |       |     1 |       ||     1
Armor: Ring mail         |    11 |    36 |       ||    47
       Scale mail        |       |     2 |    26 ||    28
Dodge: Dodged            |    27 |    45 |    25 ||    97
Block: Other             |       |    13 |    11 ||    24
